Map: Romanticide LE

Players

HeroMarine

  • Race: Terran Terran

DPGZest (Zest) - Winner!

  • Race: Protoss Protoss
  • League: Master

Event: ASUS ROG Fall 2021

VOD

Have the link to the VOD?

Description

Time

  • Played on: Sept. 17, 2021, 7:06 a.m.
  • Length: 7:47

All games in this series

Show
View Real Time Build Order
Export as new Build Order

HeroMarine Terran 

Build Orders:  

Get SALT Encoding   

  12  0:00  SCV  
  13  0:12  SCV  
  14  0:17  Supply Depot  
  14  0:24  SCV  
  15  0:39  SCV  
  15  0:41  Barracks  
  16  0:43  Refinery  
  16  0:51  SCV  
  17  1:03  SCV  
  18  1:15  SCV  
  19  1:28  Marine, Orbital Command  
  20  1:42  Command Center  
  20  1:46  Barracks Reactor  
  20  1:51  Supply Depot  
  20  1:54  SCV  
  21  2:06  SCV  
  22  2:18  Command Center  
  22  2:20  SCV  
  23  2:23  Marine  
  23  2:24  Marine  
  25  2:32  SCV  
  25  2:36  Barracks  
  26  2:41  Marine  
  26  2:42  Marine  
  29  2:44  SCV  
  29  2:51  Barracks  
  29  2:56  SCV  
  30  3:01  Orbital Command  
  30  3:04  Marine  
  31  3:07  Reaper  
  31  3:09  SCV  
  33  3:21  Bunker, SCV  
  33  3:22  Marine  
  33  3:23  Barracks Tech Lab  
  35  3:27  SCV  
  35  3:31  Orbital Command  
  36  3:34  SCV  
  36  3:39  Marine, SCV, Barracks Tech Lab  
  39  3:42  Stimpack  
  39  3:44  Marine  
  40  3:49  Marine  
  40  3:51  SCV x2  
  43  3:57  Marine x2  
  43  4:01  SCV, Engineering Bay  
  46  4:03  Supply Depot, SCV  
  46  4:05  SCV  
  46  4:08  Combat Shield  
  48  4:11  Marine  
  48  4:12  Marine  
  48  4:15  Marine  
  51  4:17  Refinery, Marine  
  51  4:20  SCV x2  
  51  4:22  SCV  
  54  4:30  Marauder  
  56  4:32  Marine  
  56  4:33  Marauder  
  56  4:34  Refinery, SCV  
  56  4:35  Marine, SCV  
  56  4:36  SCV  
  63  4:42  Terran Infantry Weapons Level 1  
  63  4:44  Refinery  
  63  4:47  SCV x2  
  63  4:48  SCV  
  63  4:52  Marine, Marauder  
  68  4:58  Marine  
  68  4:59  SCV  
  69  5:01  SCV  
  69  5:04  Marauder  
  69  5:07  Bunker  
  69  5:10  Marine  
  68  5:16  Marine  
  68  5:17  Supply Depot, Factory  
  68  5:18  Marauder  
  72  5:21  SCV x2  
  72  5:22  Supply Depot  
  72  5:24  Barracks  
  72  5:25  Barracks  
  72  5:28  Marauder  
  74  5:29  Marine  
  74  5:32  SCV  
  74  5:33  SCV  
  77  5:38  Marine  
  77  5:39  SCV  
  77  5:40  Supply Depot, Marauder  
  81  5:46  SCV x2  
  81  5:48  Concussive Shells  
  81  5:49  Marauder  
  85  5:54  Marine  
  86  5:58  SCV, Orbital Command  
  86  5:59  SCV  
  86  6:01  Marauder  
  86  6:02  Starport  
  86  6:03  Factory Reactor  
  85  6:08  Marine  
  85  6:10  SCV  
  85  6:11  Marine, Marauder  
  87  6:13  SCV  
  80  6:22  Barracks Reactor, Barracks Tech Lab, Marauder  
  80  6:23  SCV  
  80  6:24  SCV  
  80  6:25  SCV  
  78  6:27  Marine  
  78  6:29  Marine, Supply Depot  
  78  6:32  Marauder  
  78  6:36  Missile Turret  
  78  6:39  SCV x3  
  81  6:42  Marauder  
  81  6:44  Marauder  
  81  6:45  Marine  
  86  6:47  Marine  
  86  6:51  Supply Depot, SCV x3  
  86  6:52  Factory Reactor  
  86  6:53  Medivac  
  86  6:54  Medivac  
  94  7:00  Marauder  
  94  7:01  Marine x2  
  90  7:03  SCV x3, Marauder  
  94  7:08  Marine  
  94  7:09  Marine  
  94  7:10  Marauder  
  94  7:15  SCV x3  
  98  7:20  Marine x2  
  98  7:21  Marauder  
  85  7:24  Marauder  
  85  7:27  SCV  
Show
View Real Time Build Order
Export as new Build Order

DPGZest Protoss - Winner!

Build Orders: 1 Gate Expand, Blink Stalkers 

Get SALT Encoding   

  12  0:00  Probe  
  13  0:12  Probe  
  14  0:17  Pylon  
  14  0:24  Probe (Chrono Boost)  
  15  0:37  Gateway, Probe (Chrono Boost)  
  16  0:45  Probe (Chrono Boost)  
  16  0:46  Assimilator  
  17  0:51  Probe  
  18  1:03  Probe  
  19  1:15  Probe  
  20  1:24  Cybernetics Core  
  20  1:33  Nexus  
  20  1:35  Probe  
  21  1:41  Pylon  
  21  1:47  Probe  
  21  1:50  Assimilator  
  22  1:58  Adept (Chrono Boost)  
  22  1:59  Probe  
  25  2:02  Warp Gate  
  25  2:11  Probe  
  26  2:23  Probe  
  26  2:24  Twilight Council  
  27  2:32  Stalker  
  27  2:35  Probe  
  30  2:42  Gateway  
  30  2:46  Probe  
  30  2:47  Probe  
  32  2:52  Blink (Chrono Boost)  
  32  2:58  Probe  
  33  3:00  Probe  
  34  3:10  Probe  
  34  3:12  Probe  
  36  3:22  Probe  
  36  3:23  Robotics Facility  
  37  3:29  Probe  
  38  3:34  Probe  
  38  3:35  Nexus  
  39  3:42  Pylon  
  39  3:50  Stalker x2  
  39  3:53  Probe x2  
  45  4:05  Probe x2  
  45  4:08  Warp Prism (Chrono Boost)  
  47  4:14  Stalker x2  
  53  4:18  Pylon  
  53  4:20  Probe  
  54  4:25  Pylon  
  54  4:36  Probe x2  
  54  4:37  Stalker x2  
  60  4:48  Gateway x2, Probe  
  60  4:50  Probe  
  60  4:51  Probe  
  63  4:55  Observer  
  62  5:07  Probe (Chrono Boost)  
  62  5:13  Stalker x2  
  68  5:14  Probe (Chrono Boost)  
  68  5:17  Pylon, Charge (Chrono Boost)  
  68  5:20  Probe (Chrono Boost)  
  68  5:21  Probe (Chrono Boost)  
  70  5:23  Probe (Chrono Boost)  
  70  5:27  Probe x2 (Chrono Boost)  
  72  5:28  Probe (Chrono Boost)  
  74  5:37  Forge, Pylon  
  74  5:38  Probe x2  
  74  5:39  Assimilator  
  74  5:40  Gateway  
  74  5:42  Immortal (Chrono Boost)  
  76  5:45  Shield Battery  
  80  5:50  Shield Battery  
  80  5:57  Stalker x3  
  80  6:15  Immortal  
  82  6:21  Stalker  
  82  6:22  Zealot x3  
  87  6:28  Probe x2  
  87  6:29  Probe  
  90  6:33  Pylon  
  90  6:34  Assimilator  
  90  6:42  Gateway x2  
  90  6:43  Stalker x3  
  90  6:44  Gateway, Zealot  
  98  6:47  Zealot  
  98  7:06  Zealot x4  
  106  7:14  Zealot  
Tags
 
Add a new tag
Caveats
  • Supply blocks, unpowered buildings, or Contaminate may cause inaccurate times.
  • Supply counts are checked every 10 seconds.